Map: Persephone LE

Players

JOSETO

  • Race: Zerg Zerg
  • League: Diamond
  • Spawn Location: 7:00

qwerty - Winner!

  • Race: Protoss Protoss
  • League: Diamond
  • Spawn Location: 11:00

VOD

Have the link to the VOD?

Description

Time

  • Played on: Aug. 10, 2025, 3:08 p.m.
  • Length: 7:10
Show
View Real Time Build Order
Export as new Build Order

JOSETO Zerg 

Build Orders: Hatch First 

Get SALT Encoding   

  12  0:00  Drone  
  13  0:12  Drone  
  14  0:16  Extractor, Drone  
  15  0:29  Overlord  
  15  0:46  Hatchery  
  15  0:49  Drone  
  15  1:00  Drone  
  15  1:01  Drone  
  15  1:03  Drone  
  18  1:08  Extractor  
  17  1:15  Spawning Pool  
  16  1:19  Drone  
  16  1:22  Drone  
  18  1:33  Drone  
  19  1:47  Overlord  
  19  2:02  Queen  
  19  2:03  Queen  
  19  2:04  Zergling x2  
  19  2:05  Drone  
  25  2:10  Drone x2  
  27  2:16  Metabolic Boost  
  27  2:31  Drone x2  
  27  2:32  Drone x2  
  31  2:38  Zergling x2  
  32  2:48  Zergling x2  
  32  2:49  Drone  
  34  2:53  Hatchery  
  34  2:56  Queen  
  35  3:08  Drone  
  35  3:12  Overlord  
  36  3:13  Overlord  
  36  3:24  Overlord  
  36  3:29  Queen  
  36  3:30  Extractor  
  36  3:31  Drone x3  
  36  3:32  Drone x3  
  43  3:40  Drone  
  43  3:58  Drone x4  
  43  4:02  Drone  
  48  4:05  Drone x2  
  48  4:06  Spore Crawler  
  50  4:10  Drone x2  
  50  4:12  Roach Warren  
  50  4:13  Extractor  
  50  4:14  Lair  
  49  4:18  Drone  
  51  4:24  Queen, Drone x2  
  51  4:25  Queen  
  51  4:28  Drone x2  
  51  4:29  Drone  
  59  4:34  Evolution Chamber  
  55  4:43  Spore Crawler, Drone  
  55  4:44  Drone x3  
  55  5:03  Drone x2  
  55  5:04  Spore Crawler  
  55  5:06  Roach x4  
  64  5:11  Drone  
  65  5:17  Extractor  
  65  5:18  Overseer  
  64  5:23  Overlord x2  
  64  5:29  Drone  
  64  5:30  Overlord  
  64  5:33  Overlord  
  65  5:40  Overlord  
  65  5:41  Queen  
  67  5:48  Spine Crawler, Drone x6  
  67  5:49  Drone  
  72  5:55  Drone  
  73  6:02  Roach x5  
  83  6:07  Drone  
  83  6:09  Drone  
  83  6:10  Spire  
  84  6:36  Drone x3  
  87  6:40  Overlord, Drone x4  
  87  6:41  Overlord, Extractor x2  
  85  6:49  Roach x6  
Show
View Real Time Build Order
Export as new Build Order

qwerty Protoss - Winner!

Build Orders: 1 Gate Expand, Oracle Opening 

Get SALT Encoding   

  12  0:00  Probe  
  13  0:12  Probe  
  14  0:20  Pylon  
  14  0:24  Probe  
  15  0:35  Probe  
  15  0:40  Gateway  
  16  0:43  Probe  
  16  0:49  Assimilator  
  17  0:52  Probe  
  18  1:04  Probe  
  19  1:16  Probe  
  20  1:32  Nexus  
  20  1:42  Cybernetics Core  
  20  1:48  Probe  
  20  1:54  Pylon  
  21  1:55  Assimilator  
  21  1:59  Probe  
  21  2:08  Probe  
  22  2:09  Adept  
  23  2:16  Probe  
  26  2:28  Probe  
  27  2:32  Stargate  
  27  2:37  Gateway  
  27  2:38  Warp Gate  
  27  2:42  Probe  
  28  2:47  Probe  
  29  2:55  Probe  
  30  2:59  Twilight Council  
  30  3:02  Probe  
  31  3:09  Shield Battery, Probe  
  32  3:14  Oracle, Probe  
  33  3:21  Probe  
  37  3:29  Probe  
  38  3:36  Probe  
  39  3:43  Probe  
  39  3:44  Charge  
  39  3:45  Pylon  
  39  3:48  Probe  
  41  3:55  Probe  
  42  4:03  Adept  
  42  4:04  Nexus  
  42  4:07  Pylon  
  44  4:16  Probe, Phoenix  
  45  4:23  Robotics Facility  
  47  4:29  Probe x2  
  49  4:41  Probe x2  
  51  4:53  Probe x2  
  53  5:01  Warp Prism  
  53  5:05  Probe  
  54  5:11  Gateway  
  54  5:13  Gateway  
  56  5:14  Gateway  
  56  5:17  Pylon  
  56  5:22  Stalker  
  56  5:23  Stalker  
  56  5:25  Probe  
  56  5:26  Probe  
  62  5:30  Pylon  
  62  5:35  Gateway  
  62  5:39  Gateway  
  62  5:41  Gateway  
  62  5:44  Probe x3, Pylon  
  62  5:47  Shield Battery  
  65  5:59  Pylon  
  65  6:09  Probe x3  
  65  6:10  Gateway  
  68  6:12  Zealot x2  
  68  6:13  Zealot x3  
  68  6:14  Gateway  
  68  6:16  Pylon  
  78  6:21  Probe  
  78  6:23  Pylon  
  79  6:28  Gateway  
  79  6:31  Zealot, Gateway  
  79  6:32  Pylon  
  81  6:33  Zealot x2  
  81  6:36  Zealot x2  
  82  6:47  Zealot x3  
  82  6:53  Zealot x3  
  92  7:05  Stalker x2  
  92  7:06  Stalker  
Tags
 
Add a new tag
Caveats
  • Supply blocks, unpowered buildings, or Contaminate may cause inaccurate times.
  • Supply counts are checked every 10 seconds.